 Dungeon Crawl Stone Soup version 0.28.0 (webtiles) character file.

Game seed: 14802987550459328539

19608 HallandMoats the Fighter (level 12, -2/110 HPs)
             Began as a Ghoul Fighter on Feb 8, 2022.
             Was an Elder of Makhleb.
             Slain by Snorg (9 damage)
             ... on level 13 of the Dungeon.
             The game lasted 00:18:29 (17169 turns).

HallandMoats the Fighter (Ghoul Fighter)           Turns: 17169, Time: 00:18:29

Health: -2/110     AC: 15    Str: 21    XL:     12   Next: 70%
Magic:  19/19      EV: 11    Int:  5    God:    Makhleb [****..]
Gold:   510        SH:  0    Dex: 10    Spells: 11/11 levels left

rFire   + . .      SeeInvis .   g - +3 bardiche of Tortfeasance {spect, rC+ rCorr}
rCold   + + .      Faith    .   (shield currently unavailable)
rNeg    + + +      Spirit   .   x - +2 scale mail of Demons {rPois rF+}
rPois   ∞          Reflect  .   S - +2 hat
rElec   .          Harm     .   P - scarf {repulsion}
rCorr   +          Rampage  .   (no gloves)
Will    .....                   (no boots)
Stlth   ..........              H - amulet of the acrobat
HPRegen 0.00/turn               s - +4 ring of protection
MPRegen 0.16/turn               t - ring of flight

@: flying, inhibited regen, repel missiles
A: claws 1, cold resistance 1, negative energy resistance 3, inhibited
regeneration, torment resistance 2
a: Renounce Religion, Minor Destruction, Lesser Servant of Makhleb, Major
Destruction


You were on level 13 of the Dungeon.
You worshipped Makhleb.
Makhleb was greatly pleased with you.
You visited 2 branches of the dungeon, and saw 14 of its levels.

You collected 655 gold pieces.
You spent 145 gold pieces at shops.

Inventory:

Hand Weapons
 a - the +1 war axe of Mourning {venom, rElec SInv}
   (You found it on level 4 of the Dungeon)

   It poisons the flesh of those it strikes.
   rElec:     It insulates you from electricity.
   SInv:      It lets you see invisible.
 b - the +7 short sword of a bailey {vorpal, *Slow rPois rCorr Dex+2}
   (You found it on level 3 of the Dungeon)

   It inflicts extra damage upon your enemies.
   Dex:       It affects your dexterity (+2).
   rPois:     It protects you from poison.
   rCorr:     It protects you from acid and corrosion.
   *Slow:     It may slow you when you take damage.
 g - the +3 bardiche of Tortfeasance (weapon) {spect, rC+ rCorr}
   (You found it on level 7 of the Dungeon)

   When its wielder attacks, the weapon's spirit leaps out and strikes again.
   The spirit shares a part of any damage it takes with its wielder.
   rC:        It protects you from cold.
   rCorr:     It protects you from acid and corrosion.
 z - the +6 dagger of Sharkskin {vamp, Int+3}
   (You found it on level 6 of the Dungeon)

   It occasionally heals its wielder for a portion of the damage dealt when it
   wounds a living foe.
   Int:       It affects your intelligence (+3).
Armour
 l - a +1 buckler of reflection
 q - a +0 cloak
 x - the +2 scale mail of Demons (worn) {rPois rF+}
   (You found it on level 5 of the Dungeon)

   rF:        It protects you from fire.
   rPois:     It protects you from poison.
 P - a scarf of repulsion (worn)
 S - a +2 hat (worn)
Jewellery
 s - a +4 ring of protection (left claw)
 t - a ring of flight (right claw)
 A - a ring of see invisible
 E - a ring of fire
 G - a ring of magical power
 H - an amulet of the acrobat (around neck)
 Q - an amulet of faith
Wands
 n - a wand of iceblast (3)
 r - a wand of flame (6)
 B - a wand of polymorph (5)
 J - a wand of charming (5)
 M - a wand of mindburst (10)
 N - a wand of paralysis (9)
Scrolls
 c - 2 scrolls of enchant armour
 e - 2 scrolls of fear
 h - 2 scrolls of amnesia {unknown}
 i - 2 scrolls of brand weapon
 p - 3 scrolls of silence
 u - 3 scrolls of teleportation
 y - 4 scrolls of identify
 C - a scroll of acquirement {unknown}
 K - 2 scrolls of magic mapping {unknown}
 L - a scroll of immolation {unknown}
 R - a scroll of blinking {unknown}
Potions
 d - 3 potions of might
 f - a potion of berserk rage {unknown}
 j - 4 potions of flight
 m - 3 potions of degeneration {unknown}
 o - a potion of cancellation {unknown}
 v - 3 potions of lignification {unknown}
 w - a potion of ambrosia {unknown}
 D - a potion of haste
 I - 2 potions of attraction {unknown}
 O - a potion of curing {unknown}


   Skills:
 * Level 11.2 Fighting
 * Level 9.3 Axes
 + Level 7.0 Armour
 + Level 6.1 Dodging
 + Level 6.9 Shields
 * Level 10.7 Invocations


You had 11 spell levels left.
You didn't know any spells.
Your spell library contained the following spells:

 Spells                   Type           Power      Damage    Failure   Level
 Pain                     Necr           0%         1d4       78%         1
 Slow                     Hex            0%         N/A       78%         1
 Confusing Touch          Hex            0%         N/A       98%         3
 Gell's Gravitas          Tloc           0%         N/A       98%         3
 Ignite Poison            Fire/Tmut/Pois 0%         N/A       98%         3
 Mephitic Cloud           Conj/Pois/Air  0%         N/A       98%         3
 Teleport Other           Tloc           0%         N/A       98%         3
 Vampiric Draining        Necr           0%         2d6       98%         3
 Fulminant Prism          Conj/Hex       0%         3d6       100%        4
 Iskenderun's Mystic Bla  Conj/Tloc      0%         2d3       100%        4
 Agony                    Necr           0%         N/A       100%        5
 Excruciating Wounds      Necr           0%         N/A       100%        5
 Freezing Cloud           Conj/Ice/Air   0%         6-21      100%        5
 Lee's Rapid Deconstruct  Erth           0%         3d5*      100%        5
 Dispersal                Tloc           0%         N/A       100%        6


Dungeon Overview and Level Annotations

Branches:
Dungeon (13/15)            Temple (1/1) D:5            Lair (0/6) D:11
    Orc (0/2) D:9
 Vaults: D:13-14

Altars:
Ashenzari
Cheibriados
Dithmenos
Elyvilon
Fedhas
Gozag
Hepliaklqana
Kikubaaqudgha
Makhleb
Nemelex Xobeh
Okawaru
Qazlal
Ru
Sif Muna
Trog
Uskayaw
Vehumet
Wu Jian
Xom
Yredelemnul
Zin
The Shining One

Shops:
D:4 (?   D:12 (

Annotations:
D:3 3 runed translucent doors, Bediveer's ghost, amateur HOMo; Sanktem7's ghost, amateur GnCj; thepacket's ghost, amateur GrWn
D:4 3 runed translucent doors, GrayStillPlays's ghost, amateur OpCj; indyram44's ghost, amateur DsGl; trckry's ghost, weakling DrCj
D:13 Snorg


Innate Abilities, Weirdness & Mutations

You thrive by killing the living.
You are immune to poison.
You have sharp fingernails.
Your flesh is cold resistant. (rC+)
You are immune to negative energy. (rN+++)
You do not regenerate when monsters are visible.
You are immune to unholy pain and torment.


Message History

Snorg claws you. Snorg completely misses you. Snorg bites you.
Snorg closely misses you. Snorg claws you but does no damage.
Snorg is nearby!
You hit Snorg.
Snorg is moderately wounded.
Your +3 bardiche of Tortfeasance {spect, rC+ rCorr} hits Snorg!!
Snorg bites you! Snorg claws you but does no damage. Snorg claws you.
Snorg bites you!! Snorg claws you but does no damage. x2
Snorg is nearby!
You barely miss Snorg.
Snorg is moderately wounded.
Your +3 bardiche of Tortfeasance {spect, rC+ rCorr} hits Snorg!!
Snorg closely misses your +3 bardiche of Tortfeasance {spect, rC+ rCorr}.
Snorg claws your +3 bardiche of Tortfeasance {spect, rC+ rCorr}!
Your spectral weapon shares its damage with you!
Snorg misses your +3 bardiche of Tortfeasance {spect, rC+ rCorr}.
Snorg bites your +3 bardiche of Tortfeasance {spect, rC+ rCorr}.
Your spectral weapon shares its damage with you!
Snorg misses your +3 bardiche of Tortfeasance {spect, rC+ rCorr}.
Snorg barely misses your +3 bardiche of Tortfeasance {spect, rC+ rCorr}.
Snorg bites your +3 bardiche of Tortfeasance {spect, rC+ rCorr}!
Your spectral weapon shares its damage with you!
Snorg claws your +3 bardiche of Tortfeasance {spect, rC+ rCorr}!
Your spectral weapon shares its damage with you!
Your +3 bardiche of Tortfeasance {spect, rC+ rCorr} fades away.
Snorg shouts!
You slice Snorg!!
Snorg is severely wounded.
Your +3 bardiche of Tortfeasance {spect, rC+ rCorr} hits Snorg from afar!!
Snorg bites you! Snorg claws you!
* * * LOW HITPOINT WARNING * * *
Snorg barely misses you. Snorg bites you!!
* * * LOW HITPOINT WARNING * * *
Snorg claws you but does no damage. Snorg closely misses you.
Snorg completely misses you. x2; Snorg barely misses you.
Okay, then.
As you read the scroll of torment, it crumbles to dust.
You feel a surge of unholy energy.
Snorg convulses!
Snorg barely misses you. Snorg claws you!
You die...

#.
..............#
.#
###.#.###.###.#
#. #(# #.# #.
#.# #.# #. ##.#
#.# #. #..# #.#
#. #.## #.#
####. #.# #.#
#....##@####.#
#..T......#
###§.######
#### .# .# .#..
.#.###


You could see Snorg (berserk).

Vanquished Creatures
  An ogre mage (D:11)
  A centaur warrior (D:13)
  4 two-headed ogres
  Nergalle (D:11)
  A skeletal warrior (D:9)
  An ugly thing (D:12)
  A cyclops (D:7)
  Joseph (D:7)
  A gargoyle (D:7)
  A rime drake (shapeshifter) (D:13)
  2 trolls (D:7)
  5 slime creatures (D:12)
  4 hornets
  Prince Ribbit (D:7)
  3 shadows
  2 wyverns
  6 yaks (D:9)
  4 wraiths
  2 steam dragons
  3 vampire mosquitoes (D:7)
  A swamp worm (D:9)
  3 wargs (D:11)
  Edmund (D:4)
  An acid dragon (D:10)
  3 water moccasins
  A floating eye (D:11)
  A sky beast (D:7)
  3 black bears
  A hornet zombie (D:7)
  11 orc warriors
  3 ice beasts
  6 necrophages
  2 ogres (D:7)
  8 centaurs
  3 phantoms
  2 kobold brigands
  4 scorpions
  A bullfrog (D:8)
  A wyvern zombie (D:7)
  A water moccasin skeleton (D:4)
  15 killer bees
  6 wights
  5 howler monkeys
  A bullfrog zombie (D:7)
  3 jellies (D:5)
  3 bullfrog skeletons
  2 hounds
  11 orc priests
  3 centaur zombies
  2 gnoll shamans (D:6)
  A human zombie (D:7)
  Jessica (D:2)
  6 iguanas
  9 orc wizards
  A killer bee zombie (D:7)
  3 mummies (D:7)
  A howler monkey zombie (D:9)
  23 gnolls
  8 adders
  A shadow imp (D:5)
  An adder skeleton (D:4)
  3 worms
  4 dart slugs
  48 orcs
  3 ball pythons
  7 bats
  6 endoplasms
  6 giant cockroaches
  3 goblins
  11 hobgoblins
  7 jackals
  3 quokkas (D:2)
  4 frilled lizards
  19 kobolds
  7 rats
339 creatures vanquished.

Vanquished Creatures (others)
  5 dream sheep (D:5)
  14 plants
  4 withered plants (D:3)
23 creatures vanquished.

Grand Total: 362 creatures vanquished

Notes
Turn   | Place    | Note
-------+----------+-------------------------------------------
     0 | D:1      | HallandMoats the Ghoul Fighter began the quest for the Orb.
     0 | D:1      | Reached XP level 1. HP: 19/19 MP: 0/0
    45 | D:1      | Reached XP level 2. HP: 25/26 MP: 1/1
   321 | D:1      | Reached skill level 1 in Invocations
   556 | D:1      | Reached XP level 3. HP: 31/31 MP: 2/2
   816 | D:2      | Noticed Jessica
   838 | D:2      | Killed Jessica
   839 | D:2      | Reached XP level 4. HP: 33/40 MP: 2/4
  1167 | D:2      | Reached skill level 4 in Fighting
  1484 | D:2      | Reached skill level 1 in Dodging
  1628 | D:2      | Found a faded altar of an unknown god.
  2016 | D:3      | Identified the +7 short sword of a bailey {vorpal, *Slow
                  | rPois rCorr Dex+2}
  2055 | D:3      | Found a runed translucent gate.
  2057 | D:3      | Found a runed translucent gate.
  2060 | D:3      | Found a runed translucent gate.
  2062 | D:3      | Noticed Sanktem7's ghost (amateur GnCj)
  2063 | D:3      | Noticed thepacket's ghost (amateur GrWn)
  2063 | D:3      | Noticed Bediveer's ghost (amateur HOMo)
  2123 | D:3      | Reached XP level 5. HP: 46/46 MP: 5/5
  2207 | D:3      | Found a radiant altar of Vehumet.
  2780 | D:4      | Noticed Edmund
  2795 | D:4      | HP: 1/47 [Edmund (6)]
  2796 | D:4      | Killed Edmund
  2797 | D:4      | Reached XP level 6. HP: 2/53 MP: 5/7
  3366 | D:4      | Found Bomaowk's Weapon Shoppe.
  3375 | D:4      | Found a bloodstained altar of Trog.
  3496 | D:4      | Found a runed translucent gate.
  3496 | D:4      | Found a runed translucent gate.
  3499 | D:4      | Found a runed translucent gate.
  3500 | D:4      | Noticed indyram44's ghost (amateur DsGl)
  3500 | D:4      | Noticed trckry's ghost (weakling DrCj)
  3500 | D:4      | Noticed GrayStillPlays's ghost (amateur OpCj)
  3738 | D:4      | Identified the +1 war axe of Mourning {venom, rElec SInv}
  3781 | D:4      | Found Viowom's Magic Scroll Shoppe.
  3785 | D:4      | Bought a scroll of teleportation for 30 gold pieces
  3785 | D:4      | Bought a scroll of identify for 20 gold pieces
  3785 | D:4      | Bought a scroll of identify for 20 gold pieces
  3785 | D:4      | Bought a scroll of torment for 75 gold pieces
  3802 | D:4      | Reached XP level 7. HP: 52/60 MP: 8/8
  4097 | D:4      | Reached skill level 5 in Fighting
  4128 | D:5      | Entered Level 5 of the Dungeon
  4218 | D:5      | Identified the +2 scale mail of Demons {rPois rF+}
  4557 | D:4      | Reached XP level 8. HP: 62/69 MP: 10/10
  5198 | D:5      | Noticed a dream sheep
  5198 | D:5      | Noticed a dream sheep
  5198 | D:5      | Noticed a dream sheep
  5198 | D:5      | Noticed a dream sheep
  5198 | D:5      | Noticed a dream sheep
  5198 | D:5      | Found a shimmering altar of Xom.
  5203 | D:5      | Killed a dream sheep
  5203 | D:5      | Killed a dream sheep
  5203 | D:5      | Killed a dream sheep
  5205 | D:5      | Killed a dream sheep
  5206 | D:5      | Killed a dream sheep
  5643 | D:5      | Found a staircase to the Ecumenical Temple.
  5693 | D:5      | Reached skill level 6 in Fighting
  5719 | Temple   | Entered the Ecumenical Temple
  5894 | Temple   | Became a worshipper of Makhleb the Destroyer
  6060 | D:5      | Reached skill level 5 in Invocations
  6259 | D:6      | Reached skill level 5 in Axes
  6315 | D:6      | Reached XP level 9. HP: 78/78 MP: 12/12
  6317 | D:6      | Identified the +6 dagger of Sharkskin {vamp, Int+3}
  6806 | D:6      | Reached skill level 7 in Fighting
  6959 | D:6      | Reached * piety under Makhleb
  8369 | D:7      | Noticed Joseph
  8761 | D:7      | Killed Joseph
  8762 | D:7      | Reached XP level 10. HP: 57/88 MP: 12/14
  9001 | D:7      | Reached skill level 5 in Armour
  9018 | D:7      | Reached skill level 5 in Shields
  9019 | D:7      | Reached skill level 8 in Fighting
  9028 | D:7      | Noticed a cyclops
  9328 | D:7      | Killed a cyclops
  9428 | D:7      | Noticed a seven-headed hydra
 10038 | D:7      | HP: 3/90 [troll (11)]
 10616 | D:7      | Reached ** piety under Makhleb
 10670 | D:7      | Found a basalt altar of Yredelemnul.
 10980 | D:7      | Noticed Prince Ribbit
 10985 | D:7      | Killed Prince Ribbit
 10996 | D:7      | Found a stormy altar of Qazlal.
 11013 | D:7      | Identified the +3 bardiche of Tortfeasance {spect, rC+
                  | rCorr}
 11096 | D:7      | Reached skill level 9 in Fighting
 11550 | D:7      | Noticed a gargoyle
 11564 | D:7      | Killed a gargoyle
 11565 | D:7      | Reached XP level 11. HP: 61/97 MP: 16/16
 11568 | D:7      | Noticed a skeletal warrior
 12306 | D:8      | Reached *** piety under Makhleb
 12517 | D:8      | Found a sparkling altar of Nemelex Xobeh.
 12517 | D:8      | Found an opulent altar of Gozag.
 12525 | D:8      | Found an ornate altar of the Wu Jian Council.
 12565 | D:8      | Found a faded altar of an unknown god.
 12566 | D:8      | Found a faded altar of an unknown god.
 12566 | D:8      | Found a faded altar of an unknown god.
 12568 | D:8      | Found a hazy altar of Hepliaklqana.
 12745 | D:8      | Found an iron altar of Okawaru.
 12857 | D:9      | Reached skill level 5 in Dodging
 12897 | D:9      | Found a hide-covered altar of Uskayaw.
 13142 | D:9      | Noticed a two-headed ogre
 13145 | D:9      | Killed a two-headed ogre
 13177 | D:9      | Killed a skeletal warrior
 13328 | D:9      | Reached skill level 10 in Fighting
 13510 | D:9      | Found a staircase to the Orcish Mines.
 13627 | D:10     | Entered Level 10 of the Dungeon
 14806 | D:11     | Noticed a two-headed ogre
 14812 | D:11     | Killed a two-headed ogre
 14982 | D:11     | Found a staircase to the Lair.
 14984 | D:11     | Reached XP level 12. HP: 107/107 MP: 18/18
 14986 | D:11     | Reached **** piety under Makhleb
 15273 | D:11     | Reached skill level 10 in Invocations
 15418 | D:11     | Paralysed by a floating eye for 2 turns
 15424 | D:11     | Noticed an ogre mage
 15427 | D:11     | Noticed Nergalle
 15434 | D:11     | Killed Nergalle
 15436 | D:11     | Killed an ogre mage
 16013 | D:12     | Reached skill level 11 in Fighting
 16397 | D:12     | Found Effyst's Antique Weapon Boutique.
 16519 | D:12     | Noticed a two-headed ogre
 16523 | D:12     | Killed a two-headed ogre
 16876 | D:13     | Noticed a two-headed ogre
 16881 | D:13     | Killed a two-headed ogre
 16974 | D:13     | Noticed a centaur warrior
 16982 | D:13     | Killed a centaur warrior
 17161 | D:13     | Noticed Snorg
 17169 | D:13     | Slain by Snorg

Illustrated notes

Levels and vault maps discovered:
D:1:      dpeg_arrival_pond, layout_loops_ring
D:2:      minmay_recursive_quarters, layout_loops_ring,
          chequers_ecumenical_altar_lobes, st_stairs_10, minmay_splitting_lines,
          uniq_jessica
D:3:      layout_loops_ring, vehumet_altar_wand_db, gammafunk_ghost_cemetery,
          amcnicky_mini_corridor_feature, palyth_stone_intersect
D:4:      layout_loops_corners, bloody_trog, gammafunk_ghost_cemetery,
          serial_shops, shop, nicolae_take_the_stairs, serial_bayou_crossing,
          uniq_edmund
D:5:      minmay_angry_zag, layout_gridville, kb_xom_exploding_sheep,
          minmay_temple_entry_overgrown
D:6:      layout_layer_cave, mainiacjoe_overflow_alcove_1, grunt_ministairs_9
D:7:      minmay_slanted_spiral_squares, layout_basic, grunt_qazlal_sundering,
          lemuel_mausoleum_altar_yredelemnul, minmay_fractal_squares_gapless_5,
          uniq_joseph, uniq_prince_ribbit1
D:8:      layout_rooms, nicolae_hepliaklqana_ecumenical_no_more,
          mainiacjoe_overflow_alcove_4, grunt_temple_overflow_open,
          serial_park_tiny_1
D:9:      layout_small_grid, nicolae_uskayaw_murder_on_the_dancefloor,
          david_orc_4, worms_lemuel
D:10:     layout_layer_cave
D:11:     hellmonk_paralyzer, layout_basic, erik_lair_orcish_takeover,
          uniq_nergalle
D:12:     layout_loops_cross, serial_shops, shop
D:13:     layout_loops_ring, kennysheep_generic_room_10, uniq_rupert, uniq_snorg
Temple:   grunt_temple_mini_profane

Skill      XL: |  1  2  3  4  5  6  7  8  9 10 11 12 |
---------------+-------------------------------------+-----
Axes           | 2 3 4 5 6 7 8 9 |  9.3
Invocations    | 1 2 3 4 5 7 8 9 10 | 10.7
Fighting       | 4 5 6 7 9 10 11 | 11.2
Dodging        | 1 2 3 4 5 6 |  6.1
Shields        | 3 4 5 6 |  6.9
Armour         | 3 4 5 6 7 |  7.0

Action                   |  1- 3 |  4- 6 |  7- 9 | 10-12 || total
-------------------------+-------+-------+-------+-------++-------
Melee: War axe           |    91 |    93 |   331 |   207 ||   722
       Short sword       |       |    89 |       |    26 ||   115
       Dagger            |       |       |       |    41 ||    41
       Bardiche          |       |       |       |   218 ||   218
Evoke: Wand              |       |       |       |     1 ||     1
  Use: Scroll            |       |     5 |       |     9 ||    14
       Potion            |       |       |       |     3 ||     3
Armor: Scale mail        |    62 |    71 |   194 |   333 ||   660
Dodge: Dodged            |    53 |    77 |   213 |   372 ||   715
       Repelled          |       |       |       |     1 ||     1
Block: Buckler           |    29 |    42 |   114 |    98 ||   283
       Reflection        |       |       |    10 |     1 ||    11
